 Dungeon Crawl Stone Soup version 0.24.1-8-ga250c9d538 (webtiles) character file.

Game seed: 13671397796464005557, levelgen mode: deterministic

214 Gildeon the Chopper (level 5, -5/45 HPs)
             Began as a Minotaur Fighter on May 3, 2020.
             Killed from afar by an orc wizard (6 damage)
             ... with a magic dart
             ... on level 4 of the Dungeon.
             The game lasted 00:05:09 (2626 turns).

Gildeon the Chopper (Minotaur Fighter)              Turns: 2626, Time: 00:05:09

Health: -5/45      AC:  9    Str: 22    XL:     5   Next: 59%
Magic:  13/13      EV:  7    Int:  5    God:
Gold:   100        SH:  9    Dex:  9    Spells: 4/4 levels left

rFire    . . .     SeeInvis .   a - +0 war axe
rCold    . . .     Gourm    .   c - +0 shield
rNeg     . . .     Faith    .   b - +0 scale mail
rPois    .         Spirit   .   n - +1 hat
rElec    .         Reflect  .   e - +0 cloak (curse)
rCorr    .         Harm     .   (no gloves)
MR       .....                  (no boots)
Stlth    ..........             (no amulet)
HPRegen  0.15/turn              m - ring of magical power
MPRegen  0.13/turn              (no ring)

@: lethally poisoned (-5 -> -16), flying
A: retaliatory headbutt, horns 2
a: no special abilities


You were on level 4 of the Dungeon.
You were hungry.

You visited 1 branch of the dungeon, and saw 4 of its levels.

You collected 100 gold pieces.

Inventory:

Hand Weapons
 a - a +0 war axe (weapon)
 p - a +0 spear
Armour
 b - a +0 scale mail (worn)
 c - a +0 shield (worn)
 e - a cursed +0 cloak (worn)
 n - a +1 hat (worn)
Jewellery
 m - a ring of magical power (left hand)
Wands
 r - a wand of clouds (6)
Scrolls
 g - 2 scrolls of remove curse
 i - 2 scrolls of amnesia {unknown}
 k - 3 scrolls of teleportation
 l - a scroll of fear {unknown}
Potions
 d - 2 potions of might
 j - 2 potions of lignification
Comestibles
 f - 8 rations
 h - 2 chunks of flesh


   Skills:
 - Level 3.6 Fighting
 + Level 7.2 Axes
 - Level 3.6 Armour
 - Level 3.6 Shields


You had 4 spell levels left.
You didn't know any spells.
Your spell library was empty.

Dungeon Overview and Level Annotations

Branches:
Dungeon (4/15)
 Temple: D:4-7

Altars:


Innate Abilities, Weirdness & Mutations

You reflexively headbutt those who attack you in melee.
You have a pair of horns on your head.


Message History

You hit the orc wizard.
The orc wizard is moderately wounded.
You closely miss something. You closely miss the scorpion.
* * * LOW HITPOINT WARNING * * *
You feel sick.
The orc wizard hits you but does no damage.
The scorpion stings you but does no damage.
Something hits you but does no damage. You block the orc wizard's attack.
The scorpion barely misses you.
You closely miss the orc wizard.
The orc wizard is moderately wounded.
You barely miss the scorpion.
Your shield and scale mail prevent you from hitting something.
* * * LOW HITPOINT WARNING * * *
You feel sick.
The orc wizard gestures wildly while chanting.
The orc wizard blinks!
You block something's attack. The orc wizard casts a spell at you.
The magic dart hits you.
You die...

.. ...#.##.###.#
##.#.#.#.##.###.# #
##....#.#.....##.# ..
................. #..
[####.............#.#
....
.........#.######....
.....
###.....#........#.#
#...#.s....##........#..
#.....ยง@..o..........#.#
#.>...{.#####........#.#
#........## #........'.#
#........# #........###
.........# ##....>####
....##...# #......# ....
#...# ###....# #.. #####
#...## #####


You could see a scorpion and an orc wizard.

Vanquished Creatures
  A scorpion (D:4)
  A crimson imp (D:3)
  An orc wizard (D:4)
  4 adders
  A worm (D:2)
  A leopard gecko (D:1)
  A giant cockroach (D:2)
  9 goblins
  7 hobgoblins
  9 jackals
  8 kobolds
  2 quokkas
  2 ball pythons (D:3)
  5 bats
  3 frilled lizards
  7 rats
62 creatures vanquished.

Notes
Turn   | Place    | Note
-------+----------+-------------------------------------------
     0 | D:1      | Gildeon the Minotaur Fighter began the quest for the Orb.
     0 | D:1      | Reached XP level 1. HP: 19/19 MP: 0/0
   123 | D:1      | Reached skill level 3 in Axes
   180 | D:1      | Reached XP level 2. HP: 24/26 MP: 1/1
   627 | D:1      | Reached skill level 4 in Axes
  1030 | D:2      | Reached XP level 3. HP: 27/31 MP: 2/2
  1378 | D:2      | Reached skill level 5 in Axes
  1669 | D:2      | Reached XP level 4. HP: 31/39 MP: 3/3
  2187 | D:3      | Reached skill level 6 in Axes
  2615 | D:4      | Reached XP level 5. HP: 27/45 MP: 4/4
  2620 | D:4      | Reached skill level 7 in Axes
  2626 | D:4      | HP: 1/45 [poisoned by a scorpion]
  2626 | D:4      | Killed from afar by an orc wizard

Levels and vault maps discovered:
D:1:      kennysheep_arrival_forest, layout_basic
D:2:      layout_rooms
D:3:      layout_loops_ring, first_ration
D:4:      layout_basic, kennysheep_mini_moat, minmay_temple_entry_nine_rooms

Skill      XL: |  1  2  3  4  5 |
---------------+----------------+-----
Axes           | 3 4 5 6 7 |  7.2
Fighting       | |  3.6
Armour         | |  3.6
Shields        | |  3.6

Action                   |  1- 3 |  4- 6 || total
-------------------------+-------+-------++-------
Melee: War axe           |   101 |    45 ||   146
       Headbutt          |    17 |     7 ||    24
  Use: Potion            |     2 |     1 ||     3
       Scroll            |       |     4 ||     4
  Eat: Chunk             |     2 |     3 ||     5
Armor: Scale mail        |    37 |    23 ||    60
Dodge: Dodged            |    29 |    18 ||    47
Block: Shield            |    53 |    24 ||    77
